 Dungeon Crawl Stone Soup version 0.30-a0-1124-g6e8f0f562f (webtiles) character file.

Game seed: 5437418838094616800

3505 CryoSword the Severer (level 10, -4/88 HPs)
             Began as a Hill Orc Monk on Apr 23, 2023.
             Was an Elder of Beogh.
             Slain by an orc
             ... wielding a +0 falchion
              (6 damage)
             ... on level 6 of the Dungeon.
             The game lasted 00:08:58 (7033 turns).

CryoSword the Severer (Hill Orc Monk)               Turns: 7033, Time: 00:08:59

Health: -4/88      AC:  8    Str: 19    XL:     10   Next: 7%
Magic:  15/15      EV:  6    Int: 10    God:    Beogh [****..]
Gold:   375        SH:  0    Dex: 13    Spells: 9/9 levels left

rFire   + . .        E - +0 war axe
rCold   . . .        d - orb {light}
rNeg    . . .        s - +0 ring mail
rPois   .            (no helmet)
rElec   .            j - +0 cloak
rCorr   .            i - +0 pair of gloves
SInv    .            u - +0 pair of boots
Will    .....        (no amulet)
Stlth   +            q - ring of protection from fire
HPRegen 0.34/turn    (no ring)
MPRegen 0.14/turn

%: no passive effects
@: held, glowing
A: no striking features
a: Renounce Religion, Smiting, Recall Orcish Followers


You were on level 6 of the Dungeon.
You worshipped Beogh.
Beogh was greatly pleased with you.
You visited 1 branch of the dungeon, and saw 6 of its levels.
You also visited: Ossuary.

You collected 375 gold pieces.

Inventory:

Hand Weapons
 n - a +1 hand axe of freezing
   (You took it off a hobgoblin on level 3 of the Dungeon)
 E - a +0 war axe (weapon)
   (You found it on level 4 of the Dungeon)
Missiles
 p - a throwing net
 x - a boomerang
 G - 3 poisoned darts
Armour
 d - an orb of light (worn)
 i - a +0 pair of gloves (worn)
   (You found it on level 2 of the Dungeon)
 j - a +0 cloak (worn)
   (You found it on level 5 of the Dungeon)
 s - a +0 ring mail (worn)
   (You took it off an orc on level 4 of the Dungeon)
 u - a +0 pair of boots (worn)
   (You found it on level 5 of the Dungeon)
 F - a +0 helmet
   (You found it on level 6 of the Dungeon)
Jewellery
 q - a ring of protection from fire (left hand)
   (You found it on level 4 of the Dungeon)
Wands
 a - a wand of flame (4) (quivered)
   (You took it off a hobgoblin on level 3 of the Dungeon)
 h - a wand of digging (8)
   (You found it on level 2 of the Dungeon)
 r - a wand of charming (13)
   (You found it on level 4 of the Dungeon)
Scrolls
 e - a scroll of poison {!r}
 k - a scroll of torment {unknown}
 o - a scroll of teleportation {unknown}
 w - a scroll of noise {unknown}
 y - 2 scrolls of vulnerability {unknown}
 z - a scroll of enchant weapon {unknown}
 A - a scroll of brand weapon {unknown}
 C - a scroll of identify {unknown}
 D - a scroll of blinking {unknown}
Potions
 b - 2 potions of degeneration {unknown}
 c - a potion of ambrosia
 f - 6 potions of curing {unknown}
 g - 4 potions of mutation {unknown}
 l - 3 potions of haste {unknown}
 m - 5 potions of heal wounds {@q2}
 t - 2 potions of lignification {unknown}
 v - 2 potions of magic {unknown}
 B - a potion of brilliance {unknown}


   Skills:
 + Level 7.7 Fighting
 * Level 15.2 Axes
 - Level 2.4 Dodging
 + Level 7.2 Invocations


You had 9 spell levels left.
You didn't know any spells.
Your spell library contained the following spells:

 Spells                   Type           Power      Damage    Failure   Level
 Freeze                   Ice            0%         1d3       54%         1
 Necrotise                Necr           0%         1d4       54%         1
 Shock                    Conj/Air       0%         1d3       54%         1
 Blink                    Tloc           0%         N/A       69%         2
 Lesser Beckoning         Tloc           0%         N/A       69%         2
 Momentum Strike          Conj/Tloc      0%         3d8       69%         2
 Frozen Ramparts          Ice            0%         1d1       89%         3
 Gell's Gravitas          Tloc           0%         N/A       89%         3
 Hailstorm                Conj/Ice       0%         3d3       89%         3
 Swiftness                Air            0%         N/A       89%         3
 Teleport Other           Tloc           0%         N/A       89%         3
 Vampiric Draining        Necr           0%         2d6       89%         3
 Vhi's Electric Charge    Tloc/Air       0%         N/A       89%         3
 Airstrike                Air            0%         2d(0-16)  100%        4
 Agony                    Necr           0%         N/A       100%        5
 Arcjolt                  Conj/Air       0%         1d10      100%        5
 Dispersal                Tloc           0%         N/A       100%        6
 Maxwell's Capacitive Co  Air            0%         ∞         100%        8


Dungeon Overview and Level Annotations

Branches:
Dungeon (6/15)             Temple (0/1) D:6         Ossuary (visited)

Altars:
Ashenzari
Elyvilon
Uskayaw
Wu Jian
Xom
Yredelemnul

Annotations:
D:3 1 runed translucent door, Crazy Yiuf


Message History

You swap places.
You swap places.
Key pressed, stopping explore.
Found a basalt altar of Yredelemnul.
There is an open door here.
You pick your way through the web.
There is a web here.
Your orc warrior is caught in a web!
Your orc warrior pulls away from the web.
Your orc wizard evades a web.
You swap places.
Your orc warrior is caught in a web!
Your orc wizard is caught in a web!
There is an open door here.
Your orc warrior struggles to get unstuck from the web.
You see here a +0 dagger.
You see here a +0 dagger.
Things that are here:
a +5 halberd of freezing; a +0 leather armour Key pressed, stopping explore.
There is an open door here.
Found a stone staircase leading down.
There is a stone staircase leading down here.
Key pressed, stopping explore.
There is an open door here.
The orc priest stares at you in amazement and kneels.
It asks, "Are you our saviour?"
A gnoll bouda comes into view. It is wielding a +0 club.
The gnoll bouda shouts!
You hear a shout! x3
An orc warrior comes into view. It is wielding a +0 war axe.
Beogh accepts your kill.
You feel a bit more experienced.
There are monsters nearby!
There are monsters nearby!
There are monsters nearby!
A gnoll comes into view. It is wielding a +0 whip.
The gnoll shouts! x2
You barely miss the orc warrior.
The ogre shouts!
The gnoll bouda barks out a call to the hunt!
The gnolls pick up the pace!
The orc warrior hits you but does no damage.
The orc warrior barely misses your orc warrior.
The orc shouts!
You hear a shout!
You hit the orc warrior.
Your orc warrior hits the orc warrior with a +0 flail.
The orc warrior hits you with a +0 war axe.
The orc warrior barely misses your orc warrior.
An orc priest comes into view. It is wielding a +0 short sword.
The orc priest falls on its knees before you.
You hit the orc warrior but do no damage.
Your orc warrior closely misses the orc warrior.
You hit the orc warrior.
The orc warrior hits you with a +0 war axe.
The orc warrior barely misses your orc warrior.
A gnoll sergeant comes into view. It is wielding a +0 trident.
You barely miss the orc warrior.
Your orc warrior hits the orc warrior but does no damage.
The orc warrior misses you.
The orc warrior closely misses your orc warrior.
You hit the orc warrior but do no damage.
The gnoll bouda barks out a call to the hunt!
The gnoll sergeant picks up the pace!
The orc wizard gestures at you while chanting.
The puff of flame hits you. You resist.
Your orc warrior barely misses the orc warrior.
The orc warrior hits you with a +0 war axe!
The orc warrior hits your orc wizard with a +0 war axe!
The orc warrior closely misses your orc warrior.
You hear a shout!
You slash the orc warrior!
An orc warrior comes into view. It is wielding a +0 long sword.
Your orc wizard hits the orc warrior but does no damage.
Your orc warrior hits the orc warrior with a +0 flail.
You catch the helpless orc warrior completely off-guard!
You hit the orc warrior.
The orc warrior falls to its knees.
It says, "You must be the Messiah, I see it now!"
Something hits your orc priest!
The gnoll hits your orc warrior with a +0 whip.
Something hits your orc priest but does no damage.
Your orc priest is engulfed in a cloud of scalding steam.
Your orc priest dies!
You hear a splash. x2
You swap places.
The orc stares at you in amazement and kneels.
It says, "I'm so glad you are here now."
A gnoll and an orc come into view.
The gnoll throws a throwing net.
The throwing net barely misses your orc wizard.
The throwing net hits you.
You become entangled in the net!
The gnoll hits you with a +0 whip.
You see here a throwing net.
You struggle against the net.
The gnoll sergeant is engulfed in a cloud of scalding steam.
The gnoll hits you with a +0 whip.
An ogre comes into view. It is wielding a +0 giant club.
The ogre hits you with a +0 giant club!
You struggle against the net.
The gnoll hits you with a +0 whip. The gnoll barely misses you.
You rip the net and break free!
The gnoll hits you with a +0 whip. The ogre hits you with a +0 giant club!
The gnoll hits you from afar with a +0 halberd!
* * * LOW HITPOINT WARNING * * *
It was a potion of heal wounds.
You feel much better. The orc hits you with a +0 falchion.
The gnoll throws a throwing net.
The throwing net misses your orc wizard.
The throwing net hits you.
You become entangled in the net!
The gnoll hits you but does no damage. x2
The ogre hits you with a +0 giant club!!
* * * LOW HITPOINT WARNING * * *
The gnoll bouda gazes fiercely through you!
You feel your attacks grow feeble.
You struggle against the net.
The orc hits you with a +0 falchion.
* * * LOW HITPOINT WARNING * * *
The gnoll hits you with a +0 whip.
* * * LOW HITPOINT WARNING * * *
The orc warrior completely misses your orc.
The gnoll barely misses you.
Your orc looks weaker.
Your orc barely misses the gnoll.
You struggle against the net.
The orc barely misses you. The gnoll closely misses you.
The ogre barely misses you.
The orc warrior hits your orc with a +0 long sword!
Your orc dies!
The gnoll hits you from afar with a +0 halberd!
* * * LOW HITPOINT WARNING * * *
A gnoll bouda comes into view. It is wielding a +0 shortbow.
You struggle against the net.
Your attacks no longer feel as feeble.
The orc hits you but does no damage. The gnoll hits you with a +0 whip.
* * * LOW HITPOINT WARNING * * *
The gnoll hits you from afar with a +0 halberd!
* * * LOW HITPOINT WARNING * * *
An orc priest comes into view. It is wielding a +0 trident.
The gnoll bouda barks out a call to the hunt!
The gnolls pick up the pace!
The ogre completely misses your orc wizard.
You struggle against the net.
The orc priest shouts!
The orc closely misses you. The gnoll hits you with a +0 whip!
* * * LOW HITPOINT WARNING * * *
The gnoll bouda calls upon its god to heal the gnoll sergeant.
The gnoll sergeant is healed somewhat.
The gnoll barely misses you.
The air fills with toxic fumes!
As you read the scroll labelled QYQ XIEFUTU, it crumbles to dust.
It was a scroll of poison.
The orc hits you with a +0 falchion.
You die...
Beogh appreciates the orc's killing of a heretic priest.

.≈≈~... §§ #'###≈≈... ##
§o#############...#≈~... ..
§§§§§§§g§§§§§§#...#≈~... ≈~
§g§§§g§§g§§§§§#####~~... ≈≈
§§§§§§§§§§§§§§§≈≈≈≈≈~... ≈~~~~~
§§§§§§§§§§§§§§§~~~~~~... .......
§§§§§oOoo§§§§§§....P.... .......
§§§§OOg@oo§§§§§......... #.......
§§§§§oo#################
.........#§§§##g #........# #..
.........§#§ §# #.≈≈..≈≈.# #..
.......#..#..§§ #.≈8..8≈.###..
........##..§§# .. #........'.#..
...........§§§ ....#§...[...'....
........#.§§§##....#.≈8..8≈.#....
.......#....#..#...#§≈≈..≈≈.#...)


You could see an orc warrior, 3 ogres, a gnoll sergeant (swift), 2 gnoll boudas,
an orc priest, an orc wizard, 3 gnolls, an orc, 3 friendly orc warriors and a
friendly orc wizard.

Vanquished Creatures
  5 yaks (D:6)
  A warg (D:6)
  A water moccasin (D:5)
  2 black bears
  A sky beast (D:6)
  An ice beast (D:5)
  A kobold brigand (D:6)
  3 elf zombies (Ossuary)
  5 scorpions
  2 wights (D:6)
  3 killer bees
  3 vampire bats
  A jelly (D:6)
  8 howler monkeys (D:6)
  6 centaur zombies (Ossuary)
  4 hounds (D:6)
  3 human zombies (Ossuary)
  3 iguanas
  3 orc wizards (D:5)
  3 mummies (Ossuary)
  2 gnolls
  7 adders
  A white imp (D:6)
  3 worms
  3 dart slugs (D:3)
  20 orcs
  10 ball pythons
  8 endoplasms
  15 giant cockroaches
  10 hobgoblins
  6 kobolds
  5 quokkas
  7 bats
  5 frilled lizards
  10 goblins
  4 rats
  A spectral orc (D:6)
176 creatures vanquished.

Vanquished Creatures (collateral kills)
  An ogre (D:6)
  2 wights (D:6)
  2 hounds (D:6)
5 creatures vanquished.

Vanquished Creatures (others)
  3 orc priests (D:6)
  2 orcs (D:6)
  4 plants
9 creatures vanquished.

Grand Total: 190 creatures vanquished

Notes
Turn   | Place    | Note
-------+----------+-------------------------------------------
     0 | D:1      | CryoSword the Hill Orc Monk began the quest for the Orb.
     0 | D:1      | Reached XP level 1. HP: 19/19 MP: 1/1
   142 | D:1      | Reached skill level 5 in Axes
   142 | D:1      | Reached XP level 2. HP: 12/26 MP: 2/2
   429 | D:1      | Reached XP level 3. HP: 31/31 MP: 3/3
  1161 | D:2      | Reached skill level 6 in Axes
  1263 | D:2      | Reached XP level 4. HP: 39/39 MP: 4/4
  2107 | D:3      | Reached skill level 7 in Axes
  2276 | D:3      | Reached XP level 5. HP: 27/45 MP: 5/5
  2583 | D:3      | Found an ornate altar of the Wu Jian Council.
  2583 | D:3      | Found a white marble altar of Elyvilon.
  3033 | D:3      | Found a runed translucent door.
  3034 | D:3      | Noticed Crazy Yiuf
  3112 | D:4      | Reached skill level 8 in Axes
  3635 | D:4      | Reached skill level 9 in Axes
  3635 | D:4      | Reached XP level 6. HP: 21/51 MP: 6/6
  3921 | D:4      | Became a worshipper of Beogh the Brigand
  3921 | D:4      | Reached * piety under Beogh
  3921 | D:4      | Reached ** piety under Beogh
  3997 | D:5      | Entered Level 5 of the Dungeon
  3997 | D:5      | Noticed an ice beast
  4017 | D:5      | Noticed a water moccasin
  4029 | D:5      | Killed a water moccasin
  4084 | D:5      | Reached skill level 10 in Axes
  4119 | D:5      | Reached XP level 7. HP: 30/57 MP: 7/7
  4309 | D:5      | Reached skill level 11 in Axes
  4442 | D:5      | Found a broken altar of Ashenzari.
  4774 | D:6      | Noticed a yak
  4934 | D:6      | Reached skill level 1 in Invocations
  4938 | D:6      | Reached XP level 8. HP: 52/66 MP: 8/8
  4977 | D:6      | Found a hide-covered altar of Uskayaw.
  4998 | D:6      | Found a sand-covered staircase.
  5005 | Ossuary  | Entered an ossuary
  5038 | Ossuary  | Reached skill level 12 in Axes
  5267 | Ossuary  | Reached skill level 5 in Fighting
  5541 | D:6      | Reached skill level 13 in Axes
  5578 | D:6      | Noticed a yak
  5610 | D:6      | Reached *** piety under Beogh
  5614 | D:6      | Noticed a yak
  5616 | D:6      | Reached XP level 9. HP: 69/75 MP: 12/12
  5631 | D:6      | Reached skill level 5 in Invocations
  6181 | D:6      | Reached skill level 14 in Axes
  6522 | D:6      | Found a staircase to the Ecumenical Temple.
  6716 | D:6      | Reached skill level 15 in Axes
  6716 | D:6      | Reached XP level 10. HP: 81/86 MP: 15/15
  6729 | D:6      | Reached **** piety under Beogh
  6816 | D:6      | Found a shimmering altar of Xom.
  6909 | D:6      | Found a basalt altar of Yredelemnul.
  7032 | D:6      | HP: 2/88 [gnoll/+0 whip (8)]
  7033 | D:6      | Slain by an orc

Illustrated notes

Levels and vault maps discovered:
D:1:      minmay_arrival_open_corners, layout_basic
D:2:      minmay_roachtagon, layout_basic, kennysheep_potato
D:3:      corexii_shack_village, layout_basic, mainiacjoe_overflow_divided_tiny,
          uniq_crazy_yiuf_cottage
D:4:      layout_loops_ring
D:5:      layout_cave_pools, cheibrodos_ashenzari_chains
D:6:      lemuel_castle_with_subvaults [lemuel_castle_interior_original],
          layout_basic, mainiacjoe_overflow_boulevard, kennysheep_mini,
          yredelemnul_forgotten_temple_becter, minmay_temple_entry_mini_moons,
          chequers_ossuary_entry_cave, roderic_batcave,
          kennysheep_generic_room_5

Skill      XL: |  1  2  3  4  5  6  7  8  9 |
---------------+----------------------------+-----
Axes           | 5 6 7 9 10 11 13 15 | 15.2
Invocations    | 1 4 7 |  7.2
Fighting       | 5 7 |  7.7
Dodging        | |  2.4

Action                     |  1- 3 |  4- 6 |  7- 9 | 10-12 || total
---------------------------+-------+-------+-------+-------++-------
  Melee: Hand axe          |   105 |   197 |   324 |       ||   626
         War axe           |       |       |    13 |    24 ||    37
 Invoke: Convert to Beogh  |       |     1 |       |       ||     1
  Evoke: Wand              |       |       |    10 |       ||    10
    Use: Scroll            |       |     1 |       |     1 ||     2
         Potion            |       |       |     1 |     1 ||     2
   Stab: Distracted        |       |       |     1 |     2 ||     3
 Armour: Robe              |    22 |     8 |       |       ||    30
         Leather armour    |       |    20 |       |       ||    20
         Ring mail         |       |     4 |   154 |     7 ||   165
  Dodge: Dodged            |    53 |   107 |   149 |    14 ||   323

Table legend: (Time is in decaauts)
 A = Elapsed time spent in this place.
 B = Non-inter-level travel time spent in this place.
 C = Inter-level travel time spent in this place.
 D = Time resting spent in this place.
 E = Time spent auto-exploring this place.
 F = Levels seen in this place.
 G = Mean time per level.
                   A        B        C        D        E       F      G
               +--------+--------+--------+--------+--------+-----+--------+
         Total |   6939 |   6477 |    462 |    608 |   4689 |   7 |  991.3 |
       Dungeon |   6473 |   6011 |    462 |    525 |   4439 |   6 | 1078.8 |
       Ossuary |    466 |    466 |      0 |     83 |    250 |   1 |  466.0 |
               +--------+--------+--------+--------+--------+-----+--------+

Top non-repeatable levels by time:
     D:6: 1361 daAuts
     D:1: 1144 daAuts
     D:5: 1055 daAuts
     D:4: 994 daAuts
     D:3: 982 daAuts
     D:2: 934 daAuts
 Ossuary: 466 daAuts
